[Event "Festival Groningen-A 2024"]
[Site "Groningen"]
[Date "2024.12.27"]
[Round "6.1"]
[White "Schoppen, Casper"]
[Black "Narayanan S L"]
[Result "1/2-1/2"]
[ECO "E20"]
[WhiteElo "2539"]
[BlackElo "2647"]
[Annotator "TA"]
[PlyCount "42"]
[EventDate "2024.12.21"]
[EventType "swiss"]
[EventCountry "NED"]
[SourceTitle "playchess.com"]
[Source "ChessBase"]
[SourceQuality "1"]
[TimeControl "40/5400+30:1800+30"]

1. d4 Nf6 2. c4 e6 3. Nc3 Bb4 4. g3 Bxc3+ 5. bxc3 d6 6. Bg2 Nc6 7. Nf3 O-O 8. O-O Rb8 9. Nd2 Na5 10. Ba3 b6 11. Bb4 c5 12. Bxa5 bxa5 13. Qa4 Bd7 14. Qa3 Qc7 15. dxc5 Qxc5 16. Qxc5 dxc5 17. Nb3 a4 18. Nxc5 Rfc8 19. Nxd7 Nxd7 20. Rab1 Kf8 21. Rfd1 {[%emt 0:15:22] Threatens to win with Rxb8.} Rxb1 1/2-1/2

[Event "Festival Groningen-A 2024"]
[Site "Groningen"]
[Date "2024.12.27"]
[Round "6.2"]
[White "Beerdsen, Thomas"]
[Black "Maatman, Nick"]
[Result "1/2-1/2"]
[ECO "C42"]
[WhiteElo "2502"]
[BlackElo "2375"]
[Annotator "TA"]
[PlyCount "58"]
[EventDate "2024.12.21"]
[EventType "swiss"]
[EventCountry "NED"]
[SourceTitle "playchess.com"]
[Source "ChessBase"]
[SourceQuality "1"]
[TimeControl "40/5400+30:1800+30"]

1. e4 e5 2. Nf3 Nf6 3. Nxe5 d6 4. Nf3 Nxe4 5. d4 d5 6. Bd3 Be7 7. O-O Nc6 8. Re1 Bf5 9. Nc3 Nxc3 10. bxc3 Bxd3 11. Qxd3 O-O 12. Rb1 b6 13. Qf5 g6 14. Qh3 Qc8 15. Qxc8 Raxc8 16. Ne5 Nxe5 17. Rxe5 Rfe8 18. Rxd5 Bd6 {[%emt 0:09:07] Inhibits Re5.} 19. Kf1 {[%emt 0:01:36] Repels Re1+} Re6 {[%emt 0:00:54][%cal Oc7c6] Threatening ...c6!.} 20. Rdb5 $1 c5 21. Be3 cxd4 22. Bxd4 Rc4 23. Rd5 Kf8 24. h3 Ke7 25. g4 Ra4 {[%emt 0:00:57][%mdl 1024] Black has compensation.} 26. Rb2 Ba3 27. Rb3 Bd6 28. Rb2 Ba3 29. Rb3 Bd6 1/2-1/2

[Event "Festival Groningen-A 2024"]
[Site "Groningen"]
[Date "2024.12.27"]
[Round "6.3"]
[White "Pham, Khoi"]
[Black "Poetsch, Hagen"]
[Result "1/2-1/2"]
[ECO "E04"]
[WhiteElo "2285"]
[BlackElo "2491"]
[Annotator "TA"]
[PlyCount "59"]
[EventDate "2024.12.21"]
[EventType "swiss"]
[EventCountry "NED"]
[SourceTitle "playchess.com"]
[Source "ChessBase"]
[SourceQuality "1"]
[TimeControl "40/5400+30:1800+30"]

1. d4 Nf6 2. c4 e6 3. Nf3 d5 4. g3 dxc4 5. Bg2 c5 6. O-O Nc6 7. Qa4 Bd7 8. Qxc4 cxd4 9. Nxd4 Rc8 10. Nc3 Nxd4 11. Qxd4 Bc5 12. Qh4 Bc6 13. Rd1 Qa5 14. Bg5 Be7 15. Bxc6+ Rxc6 16. Ne4 Qe5 17. Nxf6+ Bxf6 18. Bxf6 Qxf6 19. Qxf6 gxf6 20. Rac1 Rxc1 21. Rxc1 $14 {[%emt 0:00:01][%mdl 4096] Endgame KR-KR} Kd7 {[%emt 0:00:24] Prevents Rc8} 22. Rc4 f5 23. Kg2 b5 24. Rb4 a6 25. a4 bxa4 26. Rxa4 Rb8 27. Rxa6 Rxb2 28. Ra7+ Ke8 29. Ra8+ Ke7 30. e3 1/2-1/2

[Event "Festival Groningen-A 2024"]
[Site "Groningen"]
[Date "2024.12.27"]
[Round "6.4"]
[White "Mitusov, Semen"]
[Black "Van Foreest, Machteld"]
[Result "0-1"]
[ECO "B12"]
[WhiteElo "2465"]
[BlackElo "2309"]
[Annotator "TA"]
[PlyCount "74"]
[EventDate "2024.12.21"]
[EventType "swiss"]
[EventCountry "NED"]
[SourceTitle "playchess.com"]
[Source "ChessBase"]
[SourceQuality "1"]
[TimeControl "40/5400+30:1800+30"]

1. e4 c6 2. d4 d5 3. e5 Bf5 4. Nf3 e6 5. Be2 Bg4 6. Nbd2 c5 7. O-O Nc6 8. h3 Bxf3 9. Nxf3 cxd4 10. a3 (10. Nxd4 $11 Bc5 11. Nxc6 bxc6 12. Bd3) 10... Nge7 11. Re1 Qc7 12. Bd3 Ng6 13. Qe2 Be7 14. b4 a6 15. Bd2 O-O 16. h4 f5 (16... Nxh4 $2 17. Nxh4 Bxh4 18. Qh5 Bxf2+ 19. Kxf2 $18) 17. exf6 Rxf6 18. Bg5 Nf4 19. Qd2 Nxd3 20. cxd3 (20. Qxd3 $11 {remains equal.} Rg6 21. Nxd4 Nxd4 22. Qxd4) 20... Rg6 (20... Rxf3 $1 $17 21. gxf3 e5) 21. h5 $14 Bxg5 22. Nxg5 Rf6 23. Rxe6 Rxe6 24. Nxe6 Qe7 25. Nc5 (25. Nf4 $16) 25... Ne5 26. Qf4 $1 b6 27. Qxd4 $1 Rd8 28. Nb3 (28. Re1 $2 Nf3+ (28... bxc5 $2 29. Rxe5 cxd4 30. Rxe7 $18) 29. gxf3 Qxe1+ 30. Kg2 bxc5 $19) 28... Qg5 {[%emt 0:00:34] [#]} 29. Nd2 $1 {[%emt 0:05:43] Dodges Nf3+} (29. Qxb6 $6 Nf3+ 30. Kf1 Nh2+ 31. Ke2 Re8+ 32. Kd1 Qxg2 $11 (32... Qxh5+ 33. f3 $19)) 29... Rf8 ({Black should try} 29... Qxh5 30. Re1 (30. Qxb6 Rf8 $14) 30... Ng4) 30. Re1 (30. Qxd5+ $142 Rf7 31. f4 Qxf4 32. Rf1 (32. Re1 $2 Qf2+ 33. Kh2 Qh4+ 34. Kg1 Qxe1+ $19) 32... Qe3+ (32... Qxd2 33. Qd8+) 33. Kh1) 30... Ng4 $16 31. Re2 (31. Nf3 $2 Rxf3 32. Qxb6 (32. gxf3 $2 Ne3+ $19) 32... Rf8 $17 (32... Rxd3 33. Re8+ Kf7 34. Qe6#)) 31... Qxh5 {[%emt 0:01:31] [#]} 32. Nf1 $1 {[%emt 0:00:01][%cal Of2f3] Repels Qh2+} (32. Qxb6 $2 Qh2+ 33. Kf1 Qh1#) 32... b5 33. Re7 (33. f3 $16 Nf6 34. Re5) 33... Qg5 $36 {[%emt 0:00:51][%mdl 2048] Black is more active.} 34. Rd7 $2 (34. Re2 $11 {and White stays safe.}) 34... Rxf2 $19 35. Ne3 (35. Rd8+ $142 Qxd8 36. Qxg4) 35... Nxe3 ({Weaker is} 35... Qxe3 36. Qxg7#) 36. Kxf2 Qxg2+ 37. Kxe3 Qg1+ 0-1

[Event "Festival Groningen-A 2024"]
[Site "Groningen"]
[Date "2024.12.27"]
[Round "6.5"]
[White "Koster, Ramon"]
[Black "De Winter, Arthur"]
[Result "0-1"]
[ECO "C01"]
[WhiteElo "2330"]
[BlackElo "2446"]
[Annotator "TA"]
[PlyCount "76"]
[EventDate "2024.12.21"]
[EventType "swiss"]
[EventCountry "NED"]
[SourceTitle "playchess.com"]
[Source "ChessBase"]
[SourceQuality "1"]
[TimeControl "40/5400+30:1800+30"]

1. d4 e6 2. c4 b6 3. e4 Bb4+ 4. Bd2 Bxd2+ 5. Qxd2 d5 6. Bd3 Nc6 7. Nf3 dxe4 8. Bxe4 Bb7 9. O-O Nf6 10. Bxc6+ Bxc6 {[%emt 0:00:06] [#]} 11. d5 $1 Bb7 12. Nd4 Qd7 13. Qb4 (13. Nc3 $11) 13... O-O-O (13... exd5 $15 {feels stronger.} 14. Re1+ Kd8) 14. Nc3 $11 Kb8 15. Qa3 exd5 16. c5 bxc5 17. Nb3 $2 (17. Qxc5 $11 {and White has nothing to worry.} Qd6 18. Na4) 17... c4 $19 18. Nc5 (18. Na5 $17 {might work better.}) 18... Qd6 ({Black should play} 18... Qc6 $19 {and ...d4 should not be overlooked} 19. Nxb7 Kxb7 (19... Qxb7 20. b3 $17)) 19. Nb5 Qb6 20. Nd4 (20. b3 $17 Ne4 (20... Qxb5 21. bxc4 dxc4 22. Rab1 $11) 21. Nxb7 Kxb7 22. bxc4) 20... Rhe8 21. b4 Ka8 22. Rfe1 Rxe1+ 23. Rxe1 Re8 24. Rxe8+ Nxe8 25. Qe3 Nd6 26. a3 a5 (26... Ne4 $6 27. f3 Nd6 (27... Nxc5 $2 28. Qe8+ $18) 28. Na4 $11) (26... Nc8 $142 27. h4 a5) 27. Na4 $17 Qa7 28. b5 Qb8 29. Qc3 Bc8 30. h3 {[%emt 0:03:19] [#]} Bd7 ({Worse is} 30... Nxb5 31. Qxa5+ Qa7 32. Qxb5 Qxd4 33. Qa5+ Kb7 34. Qb5+ Ka7 35. Qa5+ Kb7 36. Qb5+ Ka8 37. Qa5+ Kb7 $11) (30... Ne4 $1 $19 31. Qf3 (31. Qxa5+ Qa7 $17) 31... Be6) 31. Nc5 $2 (31. Qf3 $17 {was the only chance.}) 31... Nxb5 $19 32. Nxb5 (32. Qf3 $142 Be6 (32... Nxd4 33. Qxd5+ Bc6 34. Qxd4 $17) 33. Ndxe6 fxe6 34. Nxe6) 32... Qxb5 33. Nxd7 (33. Qd4 $142 Bc6 34. Kh2) 33... Qxd7 34. Qxa5+ {[%emt 0:00:02] KQ-KQ. Black is two pawns up.} Kb7 35. Qb4+ Ka6 36. a4 Qc6 37. Qd2 c3 38. Qc2 Qc4 0-1

[Event "Festival Groningen-A 2024"]
[Site "Groningen"]
[Date "2024.12.27"]
[Round "6.6"]
[White "Elgersma, Onno"]
[Black "Smeets, Kobe"]
[Result "1-0"]
[ECO "A13"]
[WhiteElo "2322"]
[BlackElo "2349"]
[Annotator "TA"]
[PlyCount "93"]
[EventDate "2024.12.21"]
[EventType "swiss"]
[EventCountry "NED"]
[SourceTitle "playchess.com"]
[Source "ChessBase"]
[SourceQuality "1"]
[TimeControl "40/5400+30:1800+30"]

1. Nf3 d5 2. c4 e6 3. g3 dxc4 4. Qa4+ Nd7 5. Qxc4 a6 6. Qc2 b5 7. Bg2 Bb7 8. O-O Ngf6 9. d3 Bd6 10. e4 Be7 11. Qe2 O-O 12. Rd1 c5 13. Nc3 Rc8 14. b3 Qb6 15. Bb2 Rfd8 16. Rac1 Nb8 17. e5 Nd5 18. Ne4 Nc6 19. h4 a5 (19... h6 $15) 20. a3 (20. Nd6 $1 $11) 20... a4 (20... h6 $15) 21. bxa4 $11 bxa4 22. Rc4 ({White should play} 22. Rb1 $14) 22... Ba6 $1 $15 23. Rc2 Nd4 24. Nxd4 cxd4 25. Rdc1 Rxc2 26. Rxc2 Rb8 (26... Qb3 $17 27. Nc5 Bxc5 28. Rxc5 Bxd3) 27. Kh2 Qb3 28. Rd2 {[%emt 0:00:01] [#]} (28. Bf1 $1 $15) 28... Nc3 $1 $19 (28... Bxa3 29. Bxa3 Qxa3 30. Ra2 $19) 29. Qg4 {[%emt 0:00:23] [#]} Nxe4 (29... Nb1 $142 $1 30. Nf6+ Kh8) 30. Bxe4 (30. Qxe4 $17 Bxa3 31. Bxa3 Qxa3 32. Qxd4) 30... Bxa3 $19 31. Bxd4 (31. Bxa3 $142 Qxa3 32. Qd1) 31... Bc1 $19 32. Rd1 Bb2 (32... Qc2 $142 33. Qf3 a3) 33. Be3 $2 (33. Ba7 {was called for.} Rc8 34. d4) 33... Qb4 $2 (33... Bxe5 $19 34. Rc1 f5 (34... Bxd3 35. Bxd3 Qxd3 36. Qxa4 $15)) 34. d4 (34. Ba7 $142 Rb7 35. Be3) 34... a3 ({Black should try} 34... Bc4 35. Bc2 Bb3 (35... a3 36. Bh6 $11) 36. Bxb3 axb3) 35. d5 $17 exd5 (35... Bxe5 36. dxe6 Bc4 37. Qh5 Bxe6 38. Bxh7+ (38. Qxe5 Qf8 $18) 38... Kh8 39. Bf5+ Kg8 40. Qh7+ Kf8 41. Bg5 Bxg3+ 42. Kxg3 $18) (35... Bc4 $17 {and ...Bxd5 should not be overlooked} 36. Ba7 Rf8) 36. Rxd5 $11 a2 37. e6 $1 Qe7 $1 (37... a1=B $2 38. exf7+ (38. Bc5 Qb7 $18) 38... Kf8 39. Bc5+ $18) (37... a1=Q $2 38. Qf5 $18) 38. exf7+ Qxf7 39. Rh5 h6 $1 (39... a1=B $2 40. Bxh7+ (40. Bd5 Qxd5 41. Rxd5 Kh8 $18) 40... Kf8 41. Bc5+ Ke8 42. Bg6 $18) 40. Bd5 Qxd5 (40... a1=Q $2 41. Bxf7+ Kxf7 42. Qf4+ Bf6 43. Qxb8 $18) 41. Rxd5 a1=Q (41... a1=B $2 42. Bxh6 Rf8 43. Qe6+ Kh7 44. Be3 $18) 42. Qe6+ Kh7 43. Rd7 Bf6 (43... Be2 $1 $11 {keeps the balance.}) 44. Ra7 $16 Rb1 $2 (44... Qe5 $16 45. Qxa6 Rb4) 45. Qf5+ ({Inferior is} 45. Qxa6 Rh1+ 46. Kg2 Qg1+ 47. Kf3 Qd1+ 48. Kg2 Rh3 49. Kxh3 Qh1+ 50. Kg4 Qe4+ 51. Kh3 Qh1+ 52. Kg4 Qe4+ 53. Kh3 Qh1+ $11) 45... Kg8 46. Ra8+ Kf7 47. Qd5+ 1-0

[Event "Festival Groningen-A 2024"]
[Site "Groningen"]
[Date "2024.12.27"]
[Round "6.7"]
[White "Kazakouski, Valery"]
[Black "Manish Anto Cristiano F"]
[Result "0-1"]
[ECO "C54"]
[WhiteElo "2567"]
[BlackElo "2296"]
[Annotator "RC"]
[PlyCount "172"]
[EventDate "2024.12.21"]
[EventType "swiss"]
[EventCountry "NED"]
[SourceTitle "playchess.com"]
[Source "ChessBase"]
[SourceQuality "1"]
[TimeControl "40/5400+30:1800+30"]

1. e4 e5 2. Nf3 Nc6 3. Bc4 Bc5 4. c3 Nf6 5. d3 O-O 6. Bg5 h6 7. Bh4 Be7 8. a4 d6 9. Nbd2 Nh7 10. Bxe7 Qxe7 11. O-O Kh8 12. d4 Bg4 13. Qc2 Ng5 14. Nxg5 hxg5 15. Qd3 g6 16. Bd5 Bd7 17. a5 a6 18. Rfe1 Kg7 19. b4 Rh8 20. Rad1 g4 21. Qg3 Rh4 22. Bxc6 Bxc6 23. Nf1 Rah8 24. c4 exd4 25. Rxd4 R8h5 26. Qc3 Kg8 27. Qg3 Kg7 28. Qc3 f6 29. Rd3 Qe5 30. Ng3 Rg5 31. Qd2 Qe6 32. f4 gxf3 33. Rxf3 Qxc4 34. Ref1 Rxe4 35. Nxe4 Qxe4 36. R3f2 Rd5 37. Qc3 Qd4 38. Qxd4 Rxd4 39. Rb1 Be4 40. Rc1 c6 41. Rb2 f5 42. Kf2 d5 43. g3 Rd3 44. Ke2 Ra3 45. Kd2 Rd3+ 46. Ke2 Kf7 47. Rf1 Ke6 48. Rc1 Ra3 49. Kd2 Rd3+ 50. Ke2 Kd6 51. Rd1 Ra3 52. Rc1 Ke5 53. Re1 Kd4 54. Rc1 Rc3 55. Kd2 Rxc1 56. Kxc1 Kc3 57. h4 d4 58. Rd2 d3 59. Rb2 Bd5 60. Rf2 Bh1 61. Ra2 Bd5 62. Rf2 Bb3 63. Rf3 Bc4 64. Rf2 Bb5 65. Rb2 Ba4 66. Rf2 Bc2 67. Rf3 Kxb4 68. h5 gxh5 69. Rxf5 c5 70. Rf7 c4 71. Rxb7+ Kc3 72. Rd7 Ba4 73. Rd6 Bb5 74. Rd5 Bc6 75. Rd6 Be4 76. Rd8 Bc6 77. Rd6 Bb5 78. Rd5 Kb4 79. Rxh5 c3 80. Rd5 Kxa5 81. Rd4 Kb6 82. g4 Kc5 83. Rf4 d2+ 84. Kd1 Bc4 85. Rf5+ Kc6 86. Rf6+ Kc7 0-1

[Event "Festival Groningen-A 2024"]
[Site "Groningen"]
[Date "2024.12.27"]
[Round "6.8"]
[White "Van Rootselaar, Rik"]
[Black "De Boer, Eelke"]
[Result "1/2-1/2"]
[ECO "E04"]
[WhiteElo "2265"]
[BlackElo "2426"]
[Annotator "TA"]
[PlyCount "136"]
[EventDate "2024.12.21"]
[EventType "swiss"]
[EventCountry "NED"]
[SourceTitle "playchess.com"]
[Source "ChessBase"]
[SourceQuality "1"]
[TimeControl "40/5400+30:1800+30"]

1. d4 Nf6 2. c4 e6 3. Nf3 d5 4. g3 dxc4 5. Bg2 a6 6. O-O Nc6 7. Nbd2 b5 8. b3 c3 9. Nb1 b4 10. a3 Rb8 11. axb4 Bxb4 12. Qd3 e5 13. Nxc3 exd4 14. Na4 O-O 15. Bf4 Bd6 16. Rfc1 Na5 17. Nc5 Bxf4 18. gxf4 Nc6 19. Ne4 Rb6 20. Ra4 Nd5 21. Qd2 d3 22. Nd4 Ncb4 23. exd3 Qh4 24. Rc4 $1 a5 25. f5 Ba6 (25... Ra6 $15 {deserves consideration.} 26. f6 Rd8 (26... Nxf6 27. Nc5 $16)) 26. Nf3 $1 $11 Qe7 27. Rc5 $1 c6 (27... Bxd3 28. Rxd5 Qxe4 (28... Bxe4 $2 {is the wrong capture.} 29. Re5 $18) 29. Re5 $14 (29. Rdxa5 Ba6 $11) (29. Ne1 Qe7 $14)) 28. f6 Nxf6 29. Re5 (29. Nxf6+ $11 Qxf6 30. Rcxa5) 29... Qd8 (29... Nxe4 $1 $15 30. dxe4 Qc7) 30. Nxf6+ $11 Qxf6 31. Rexa5 c5 ({Much worse is} 31... Nxd3 $6 32. Rxa6 Rxb3 33. Ra1 $16) 32. d4 Rd8 33. Rxc5 Nd5 34. Qg5 Nf4 35. Qxf6 Rxf6 36. Ne5 Ne2+ 37. Kh1 Rxd4 38. Rxd4 Nxd4 39. Rd5 Ne6 40. Rd6 Be2 41. Kg1 Rf5 42. Nc6 Rc5 43. h3 g6 44. Rd2 Nf4 45. Nd4 Ba6 46. Kh2 Nxg2 47. Kxg2 Bb7+ 48. Kh2 Rc3 49. b4 Kg7 (49... Kf8 $15) 50. Ne6+ $11 Kf6 (50... fxe6 $5 51. Rd7+ $8 Kf6 52. Rxb7 Rb3 $11) 51. Nc5 Bf3 52. Rd3 Rxd3 53. Nxd3 Be2 54. Nf4 Bc4 55. Kg3 Ke5 56. h4 h5 57. Nh3 Kd4 58. Ng5 f6 59. Nh7 Ke5 60. Nf8 Kf5 61. Nd7 Bb5 62. Nc5 Ke5 63. Kf3 Bc6+ 64. Kg3 Kd5 65. Kf4 Kd6 66. Nd3 Bb5 67. Nc5 Bc6 68. Nd3 Bb5 1/2-1/2

[Event "Festival Groningen-A 2024"]
[Site "Groningen"]
[Date "2024.12.27"]
[Round "6.9"]
[White "Madularea, David"]
[Black "Palchuk, Andrii"]
[Result "0-1"]
[ECO "B67"]
[WhiteElo "2245"]
[BlackElo "2372"]
[Annotator "TA"]
[PlyCount "94"]
[EventDate "2024.12.21"]
[EventType "swiss"]
[EventCountry "NED"]
[SourceTitle "playchess.com"]
[Source "ChessBase"]
[SourceQuality "1"]
[TimeControl "40/5400+30:1800+30"]

1. e4 c5 2. Nf3 Nc6 3. d4 cxd4 4. Nxd4 Nf6 5. Nc3 d6 6. Bg5 e6 7. Qd2 a6 8. O-O-O Bd7 9. Kb1 b5 10. Nxc6 Bxc6 11. f3 Qc7 {[%emt 0:02:24] The position is equal.} 12. h4 h6 13. Be3 h5 14. Ne2 d5 {[%emt 0:05:02] [#]} 15. e5 Nd7 16. f4 Nc5 17. Nd4 Ne4 18. Qe1 Bb7 19. Bd3 Bc5 20. Rh3 g6 21. Qe2 Be7 22. Bxe4 (22. g4 $14) 22... dxe4 $11 23. Bf2 Bd5 24. Rc3 Qb7 25. Nb3 b4 26. Re3 Qb5 27. Qxb5+ axb5 28. Nc1 O-O 29. b3 Rfc8 30. g3 {[%emt 0:05:46] White is weak on the light squares} Rc7 31. Re2 {[%emt 0:00:45] White is on the road to losing.} Rc3 $36 {[%emt 0:02:35][%mdl 2048] Black is in control.} 32. Rde1 {[%emt 0:04:47] [#]} ({White should try} 32. Rg1) 32... Rac8 $1 $17 {[%emt 0:01:12] Black has more active pieces.} 33. Rd2 (33. Rg1 $17) 33... Rf3 $19 34. Re3 $2 (34. Kb2 {was worth a try.}) 34... Rc3 35. Rxf3 Rxf3 36. Re2 Kf8 37. Kb2 Ke8 38. Kb1 Kd7 {[%emt 0:01:37] Black is clearly winning.} 39. Kb2 Kc6 40. Kb1 Bc5 41. Be1 Rf1 {[%emt 0:32:23] Hoping for ...e3.} 42. c3 bxc3 43. Bxc3 e3 44. Kb2 Bf3 45. Rc2 Be4 46. Re2 Kd5 {[%emt 0:00:00] Strongly threatening ...b4.} 47. a3 Bd4 {[%emt 0:00:00] Weighted Error Value: White=0.60/Black=0.20 (precise) .  Mistake:       	White=4     	---        Inaccurate:     	White=5     	Black=3      OK:         	White=10    	Black=12     Best:        	---       	Black=3} 0-1

[Event "Festival Groningen-A 2024"]
[Site "Groningen"]
[Date "2024.12.27"]
[Round "6.10"]
[White "Slagboom, Leandro"]
[Black "Albers, Sasa"]
[Result "1/2-1/2"]
[ECO "A54"]
[WhiteElo "2370"]
[BlackElo "2268"]
[Annotator "TA"]
[PlyCount "82"]
[EventDate "2024.12.21"]
[EventType "swiss"]
[EventCountry "NED"]
[SourceTitle "playchess.com"]
[Source "ChessBase"]
[SourceQuality "1"]
[TimeControl "40/5400+30:1800+30"]

1. g3 Nf6 2. Bg2 d5 3. Nf3 Nbd7 4. O-O e5 5. d3 Be7 6. c4 dxc4 7. dxc4 O-O 8. b3 c6 9. Bb2 Qc7 10. Qc2 Re8 11. Nc3 Bf8 12. Rad1 a5 13. Ng5 h6 14. Nge4 Nxe4 15. Qxe4 Nc5 16. Qe3 Bg4 17. h3 Bf5 18. Rd2 Rad8 19. Rfd1 f6 20. Ba3 Ne6 (20... Rxd2 {feels hotter.} 21. Rxd2 Nxb3 22. Nd5 cxd5 23. Bxd5+ Kh8) 21. Bxf8 Rxf8 22. Rxd8 Rxd8 23. Qa7 Rxd1+ 24. Nxd1 Qd7 25. Ne3 Nd4 26. Kh2 Nxe2 27. Qa8+ Kh7 28. Qxa5 Be6 29. Qc5 Nd4 30. b4 Qf7 31. g4 {[%emt 0:04:26] [#] Wards off Qh5} (31. b5 $11 {remains equal.}) 31... Qg6 $1 $17 32. b5 {[%emt 0:05:18] [#]} Qg5 (32... Qb1 $1 $17 {[%cal Rb1e1] Strongly threatening ...Qe1.} 33. Qa3 cxb5 34. cxb5 Nxb5 (34... Qxa2 $2 {loses.} 35. Qxa2 Bxa2 36. b6 $18) (34... Bxa2 35. Qa8 $15)) 33. bxc6 $11 Qf4+ 34. Kg1 bxc6 35. Bxc6 h5 36. Bg2 hxg4 37. hxg4 Bxg4 38. Qd5 Be6 ({Black should play} 38... Be2 $17 {Hoping for ...Qg5.} 39. Qe4+ f5 40. Qxf4 exf4) 39. Qe4+ {[%emt 0:01:50] The position is equal.} Qxe4 40. Bxe4+ f5 41. Bd5 Bd7 {[%emt 0:03:59] Weighted Error Value: White=0.16 (very precise) /Black=0.14 (very precise) .  Mistake:       	White=1     	Black=2      Inaccurate:     	White=4     	Black=3      OK:         	White=11    	Black=12     Best:        	White=2     	Black=1      Strong:       	---       	Black=1} 1/2-1/2

[Event "Festival Groningen-A 2024"]
[Site "Groningen"]
[Date "2024.12.27"]
[Round "6.11"]
[White "Cernov, Henrik"]
[Black "Kollen, Zyon"]
[Result "1/2-1/2"]
[ECO "B31"]
[WhiteElo "2187"]
[BlackElo "2344"]
[Annotator "TA"]
[PlyCount "35"]
[EventDate "2024.12.21"]
[EventType "swiss"]
[EventCountry "NED"]
[SourceTitle "playchess.com"]
[Source "ChessBase"]
[SourceQuality "1"]
[TimeControl "40/5400+30:1800+30"]

1. e4 c5 2. Nf3 Nc6 3. Bb5 g6 4. Bxc6 dxc6 5. Nc3 Bg7 6. d3 Nf6 7. Be3 b6 8. h3 Nd7 9. Qd2 e5 10. O-O Nf8 11. Nh2 h6 12. f4 exf4 13. Bxf4 g5 14. Be3 Be6 15. Qf2 Qd6 16. Rad1 O-O-O 17. Nf3 g4 18. hxg4 1/2-1/2

[Event "Festival Groningen-A 2024"]
[Site "Groningen"]
[Date "2024.12.27"]
[Round "6.12"]
[White "Okuno, Rion"]
[Black "Labruyere, Roger"]
[Result "1/2-1/2"]
[ECO "B90"]
[WhiteElo "2027"]
[BlackElo "2344"]
[Annotator "TA"]
[PlyCount "109"]
[EventDate "2024.12.21"]
[EventType "swiss"]
[EventCountry "NED"]
[SourceTitle "playchess.com"]
[Source "ChessBase"]
[SourceQuality "1"]
[TimeControl "40/5400+30:1800+30"]

1. e4 c5 2. Nf3 d6 3. d4 cxd4 4. Nxd4 Nf6 5. Nc3 a6 6. f3 e5 7. Nb3 Be6 8. Be3 Be7 9. Qd2 h5 10. Be2 Nbd7 11. Nd5 {[%emt 0:00:04] Inhibits Qc7.} Bxd5 12. exd5 Rc8 13. Rc1 O-O 14. O-O g6 (14... b5 $11) 15. Na5 $14 Qc7 16. c4 Bd8 17. b4 Re8 ({Black should play} 17... Qb8) 18. c5 $16 dxc5 19. d6 Qb8 20. bxc5 {[%emt 0:00:29] White is much more active.} Bxa5 21. Qxa5 Rc6 22. Rfd1 Rec8 23. a4 Nxc5 24. Bxc5 b6 25. Qxa6 bxc5 (25... Rxc5 $16 {was necessary.} 26. Rxc5 Rxc5) 26. Qd3 $2 ({White has to play} 26. Rb1 $1 $18 Qxb1 27. Qxc8+ (27. Rxb1 Rxa6 28. Bxa6 Rc6 $18) 27... Rxc8 28. Rxb1) 26... Rd8 (26... c4 $11 27. Qa3 Qa7+ 28. Kh1 Rc5 (28... c3 29. Bb5 $14)) 27. Qb5 $14 Rcxd6 28. Rxd6 (28. Qxc5 Rxd1+ 29. Rxd1 Rxd1+ 30. Bxd1 Qb1 $11) 28... Qxd6 29. Rd1 {[%emt 0:00:03] Inhibits Qd4+.} (29. Qxc5 $14 Qb8 30. Qc7) 29... Qc7 (29... Nd5 $2 30. Bc4 $18) 30. Rxd8+ Qxd8 31. Qxc5 $11 {[%emt 0:00:07][%mdl 4096] Endgame KQB-KQN} Qd2 32. Kf2 Nd5 33. g3 {[%emt 0:03:23] [#]} (33. h3 $1 $11) 33... e4 $1 $17 34. fxe4 Nc3 35. Qc8+ (35. Qc4 $1 $15) 35... Kg7 36. Qa6 Nxe4+ 37. Kf3 Ng5+ 38. Kf2 Qd4+ 39. Ke1 $2 (39. Kf1 $17) 39... Ne4 $2 (39... Qg1+ $19 {is more deadly.} 40. Kd2 Ne4+ (40... Qxh2 41. Qd3 $17) 41. Kc2 Qxh2) 40. Qd3 Qxa4 41. Kf1 Qa1+ 42. Kg2 Qe5 (42... Nf6 $17) 43. Qe3 $15 f5 44. Qa7+ Kf6 45. Qh7 Qe8 {[%emt 0:00:32] and ...Ng5 would now be decisive Repels Qh8+} 46. Qb7 g5 47. Qb6+ ({White should play} 47. Qh7 $1 $11) 47... Kg7 $1 48. Qb7+ Kh6 49. Qa6+ Qg6 50. Qc8 Nf6 (50... Qf6 $15) 51. Bd3 $11 Ne4 52. Bxe4 fxe4 53. Qh8+ Qh7 54. Qf6+ Qg6 55. Qh8+ 1/2-1/2

[Event "Festival Groningen-A 2024"]
[Site "Groningen"]
[Date "2024.12.27"]
[Round "6.13"]
[White "Dolzhykova, Kateryna"]
[Black "Laxman, R.R."]
[Result "0-1"]
[ECO "C29"]
[WhiteElo "2322"]
[BlackElo "2310"]
[Annotator "RC"]
[PlyCount "112"]
[EventDate "2024.12.21"]
[EventType "swiss"]
[EventCountry "NED"]
[SourceTitle "playchess.com"]
[Source "ChessBase"]
[SourceQuality "1"]
[TimeControl "40/5400+30:1800+30"]

1. e4 e5 2. Nc3 Nf6 3. f4 d5 4. fxe5 Nxe4 5. Nf3 Nc6 6. Bb5 Bb4 7. Qe2 Bf5 8. a3 Ba5 9. O-O O-O 10. Na4 Ne7 11. d3 a6 12. dxe4 dxe4 13. Nh4 axb5 14. Bg5 Be6 15. Nc3 Qd4+ 16. Kh1 Ng6 17. Nxe4 Qxe5 18. Nf3 Qd5 19. Rad1 Qc4 20. Rd3 Bb6 21. b3 Qc6 22. Nd4 Bxd4 23. Rxd4 Rfe8 24. Qd2 Bxb3 25. cxb3 Rxe4 26. Rxe4 Qxe4 27. Qd7 f6 28. Bd2 Qc6 29. Qxc6 bxc6 30. Ra1 c5 31. Be3 c4 32. bxc4 bxc4 33. a4 Ne5 34. a5 Ra6 35. Bd2 Kf7 36. Kg1 Ke6 37. Kf1 Kd5 38. Bc3 Kc6 39. Ke2 Nd3 40. Ke3 Nc5 41. g4 Nb3 42. Ra4 Kd5 43. Kf4 c5 44. Ra2 Nd4 45. Rb2 Kc6 46. Be1 Nb3 47. Re2 Nc1 48. Re6+ Kb5 49. Kf5 Rxe6 50. Kxe6 Ne2 51. Kf7 c3 52. Kxg7 c2 53. Bd2 c4 54. Kxh7 c3 55. Be3 c1=Q 56. Bxc1 Nxc1 0-1